 Dungeon Crawl Stone Soup version 0.18.1-48-g4cf74bf (webtiles) character file.

53 Peloso the Skirmisher (level 3, -2/34 HPs)
             Began as a Minotaur Fighter on June 27, 2016.
             Slain by a worm (7 damage)
             ... on level 2 of the Dungeon.
             The game lasted 00:02:21 (1028 turns).

Peloso the Skirmisher (Minotaur Fighter)            Turns: 1028, Time: 00:02:22

Health: -2/34      AC:  7    Str: 20    XL:     3   Next: 62%
Magic:  2/2        EV:  7    Int:  5    God:
Gold:   44         SH:  9    Dex: 10    Spells: 0 memorised, 2 levels left

rFire  . . .     SeeInvis .     a - +0 long sword
rCold  . . .     Gourm    .     b - +0 scale mail
rNeg   . . .     Faith    .     c - +0 shield
rPois  .         Spirit   .     (helmet restricted)
rElec  .         Dismiss  .     (no cloak)
rCorr  .         Reflect  .     (no gloves)
SustAt .         Harm     .     (no boots)
MR     .....                    (no amulet)
Stlth  ..........               (no ring)
                                (no ring)

@: lethally poisoned (-2 -> -3), not resistant to hostile enchantments,
extremely unstealthy
A: retaliatory headbutt, horns 2
a: no special abilities


You were on level 2 of the Dungeon.
You were not hungry.

You visited 1 branch of the dungeon, and saw 2 of its levels.

You collected 44 gold pieces.

Inventory:

Hand Weapons
 a - a +0 long sword (weapon)
 l - a cursed -1 dagger
Armour
 b - a +0 scale mail (worn)
 c - a +0 shield (worn)
Scrolls
 e - a scroll of enchant weapon {unknown}
 g - a scroll of immolation {unknown}
 h - a scroll of magic mapping {unknown}
 i - 2 scrolls of remove curse {unknown}
 j - 2 scrolls of fear {unknown}
 k - a scroll of amnesia {unknown}
 n - a scroll of teleportation {unknown}
 o - 3 scrolls of identify {unknown}
Potions
 d - 2 potions of might
 p - a potion of resistance {unknown}
Comestibles
 f - 2 bread rations
 m - 2 chunks of flesh


   Skills:
 + Level 4.6 Fighting
 + Level 2.6 Long Blades
 + Level 4.1 Armour
 + Level 0.4 Dodging
 + Level 4.2 Shields


You had 2 spell levels left.
You didn't know any spells.

Dungeon Overview and Level Annotations

Branches:
Dungeon (2/15)

Altars:
Elyvilon


Innate Abilities, Weirdness & Mutations

You reflexively headbutt those who attack you in melee.
You have a pair of horns on your head.


Message History

You hit the worm.
The worm is moderately wounded.
You feel sick. You block the worm's attack.
You hit the worm.
You headbutt the worm, but do no damage.
The worm is heavily wounded.
You hit the worm. Your headbutt misses the worm.
The worm is heavily wounded.
You feel sick. The worm closely misses you.
You hit the worm but do no damage.
The worm is heavily wounded.
The worm bites you!
You hit the worm.
The worm is heavily wounded.
The worm bites you.
* * * LOW HITPOINT WARNING * * *
You hit the worm. You headbutt the worm!
The worm is almost dead.
You feel sick. The worm bites you!
You die...

...........# #.........#
.............. ....
#.........##
.............. ..<
#...........
##............ ...
#######+###.
#.........#####.. #.# #.
########......#.#.
.#######.# ##
..###.#.#.#.##......###.
#.# #[#w#.#.##......#≈≈.
#.#@#.#.##......#≈..
#.#.#...##..........
#.#.##..##........♣.
#........#.....÷....
###.##...#......#≈..
...##...######.#≈≈.
######.)## #.###.
#.>#######....#
#.........###..


You could see a worm.

Vanquished Creatures
  An adder (D:2)
  An ooze (D:2)
  2 dart slugs (D:1)
  2 giant geckos
  A ball python (D:1)
  A giant cockroach (D:2)
  3 goblins
  A hobgoblin (D:2)
  8 jackals
  3 kobolds
  A quokka (D:2)
  2 giant newts
  5 rats
31 creatures vanquished.

Vanquished Creatures (others)
  A giant cockroach (D:2)
  A giant newt (D:2)
2 creatures vanquished.

Grand Total: 33 creatures vanquished

Notes
Turn   | Place    | Note
--------------------------------------------------------------
     0 | D:1      | Peloso the Minotaur Fighter began the quest for the Orb.
     0 | D:1      | Reached XP level 1. HP: 19/19 MP: 0/0
   118 | D:1      | Reached XP level 2. HP: 27/27 MP: 1/1
   828 | D:2      | Reached XP level 3. HP: 24/34 MP: 2/2
   945 | D:2      | Found a white marble altar of Elyvilon.
  1028 | D:2      | Slain by a worm

Skill      XL: |  1  2  3 |
---------------+----------+-----
Shields        | 4 |  4.2
Fighting       | 4 |  4.6
Armour         | 4 |  4.1
Long Blades    | |  2.6
Dodging        | |  0.4

Action                   || total
-------------------------++-------
Melee: Long sword        ||    77
       Headbutt          ||    11
Armor: Scale mail        ||    34
Dodge: Dodged            ||    20
Block: Shield            ||    38
